 Dungeon Crawl Stone Soup version 0.21.1-1-g345015fe64 (webtiles) character file.

247 Gargoyl the Skirmisher (level 5, -6/45 HPs)
             Began as a Centaur Abyssal Knight on Apr 24, 2018.
             Was a Believer of Lugonu.
             Mangled by a gnoll
             ... wielding a +0 spear
              (8 damage)
             ... while paralysed by Ijyb
             ... on level 4 of the Dungeon.
             The game lasted 00:07:01 (4005 turns).

Gargoyl the Skirmisher (Centaur Abyssal Knight)     Turns: 4005, Time: 00:07:02

Health: -6/45      AC:  9    Str: 14    XL:     5   Next: 85%
Magic:  6/7        EV:  1    Int: 11    God:    Lugonu [**....]
Gold:   198        SH:  0    Dex: 10    Spells: 4/4 levels left

rFire    . . .     SeeInvis .   a - +1 hand axe
rCold    . . .     Gourm    .   f - +0 shield
rNeg     . . .     Faith    .   e - +0 chain mail
rPois    .         Spirit   .   i - +0 helmet
rElec    .         Reflect  .   (no cloak)
rCorr    .         Harm     .   (no gloves)
MR       .....                  (no barding)
Stlth    ..........             (no amulet)
HPRegen  0.15/turn              (no ring)
MPRegen  0.10/turn              (no ring)

@: paralysed, lethally poisoned (-6 -> -9), very quick
A: large, hooves 3, deformed body, speed 2, tough skin 3
a: Depart the Abyss, Bend Space, Renounce Religion


You were on level 4 of the Dungeon.
You worshipped Lugonu.
Lugonu was pleased with you.
You were near starving.

You visited 1 branch of the dungeon, and saw 4 of its levels.
You visited the Abyss 1 time.

You collected 198 gold pieces.

Inventory:

Hand Weapons
 a - a +1 hand axe (weapon)
Armour
 e - a +0 chain mail (worn)
 f - a +0 shield (worn)
 i - a +0 helmet (worn)
Scrolls
 b - 3 scrolls of teleportation
 g - a scroll of amnesia
 o - 4 scrolls of remove curse
 p - 2 scrolls of identify {unknown}
Potions
 d - 2 potions of curing
 h - a potion of ambrosia {unknown}
 j - a potion of heal wounds {unknown}
 k - a potion of mutation {unknown}
 l - a potion of magic
 m - 2 potions of might {unknown}
 n - a potion of lignification {unknown}
 q - 3 potions of flight {unknown}
Comestibles
 c - 11 rations


   Skills:
 + Level 3.6 Fighting
 + Level 3.1 Axes
 * Level 3.0 Armour
 + Level 0.8 Dodging
 + Level 0.9 Shields
 * Level 3.1 Invocations


You had 4 spell levels left.
You didn't know any spells.

Dungeon Overview and Level Annotations

Branches:
Dungeon (4/15)
 Temple: D:4-7

Altars:
Cheibriados
Trog
The Shining One

Annotations:
D:4 Ijyb


Innate Abilities, Weirdness & Mutations

You have hooves in place of feet.
Armour fits poorly on your strangely shaped body.
You cover ground very quickly.
You have extremely tough skin. (AC +3)


Message History

It was a potion of curing.
You feel better.
The gnoll hits you but does no damage. x2; The worker ant bites you.
Ijyb hits you with a dagger of venom.
* * * LOW HITPOINT WARNING * * *
You are poisoned.
Unknown command.
It was a potion of magic.
Magic courses through your body.
You feel sick.
The worker ant bites you but does no damage.
The gnoll hits you but does no damage. You block the gnoll's attack.
Ijyb zaps a wand.
You resist with some effort.
Okay, then.
Space bends around you!
You blink.
You feel sick.
Ijyb zaps a wand.
You suddenly lose the ability to move!
You feel sick.
Ijyb zaps a wand.
You shrug off the repeated paralysis!
You feel sick. The gnoll hits you but does no damage.
The gnoll hits you from afar with a spear.
* * * LOW HITPOINT WARNING * * *
The gnoll hits you but does no damage.
The gnoll hits you from afar with a spear!
You die...

...## #+#+# #....# #.#.#
#....##. ######...# #..>...
#......#.# #....#
#......#.###....##.
#......#..@........
#........agg.#.####### #
#.......g..._......... .###
#..............########.#..
#........####.......#...#..
#........# #...#...#.###..
#........# #.......g....g.
#!.......# #####...#.###..
#.....#### ###.#+# ###


You could see Ijyb, a worker ant and 2 gnolls.

Vanquished Creatures
  A scorpion (D:4)
  2 orc priests (D:3)
  2 gnolls
  4 adders
  6 dart slugs
  2 leopard geckos
  7 orcs
  6 bats
  3 giant cockroaches
  5 goblins
  8 hobgoblins
  A ball python (D:1)
  5 frilled lizards
  6 kobolds
  12 rats
70 creatures vanquished.

Vanquished Creatures (others)
  A wizard (D:3)
1 creature vanquished.

Grand Total: 71 creatures vanquished

Notes
Turn   | Place    | Note
-------+----------+-------------------------------------------
     0 | Abyss:1  | Gargoyl the Centaur Abyssal Knight began the quest for the Orb.
     0 | Abyss:1  | Reached XP level 1. HP: 19/19 MP: 2/2
    27 | Abyss:3  | Found a corrupted altar of Lugonu.
    42 | Abyss:3  | Noticed a fire bat
    42 | Abyss:3  | Noticed a fire bat
    44 | Abyss:3  | Noticed a fire bat
    47 | D:1      | Escaped the Abyss
   119 | D:1      | Reached * piety under Lugonu
   172 | D:1      | Reached XP level 2. HP: 19/26 MP: 3/3
   782 | D:1      | Reached XP level 3. HP: 26/31 MP: 4/4
  2029 | D:2      | Reached XP level 4. HP: 37/38 MP: 5/5
  2620 | D:3      | Found a bloodstained altar of Trog.
  2623 | D:3      | Noticed a wizard
  2628 | D:3      | Killed a wizard
  2673 | D:3      | Reached ** piety under Lugonu
  2776 | D:3      | Reached XP level 5. HP: 44/45 MP: 7/7
  3339 | D:4      | Noticed a phantom
  3916 | D:4      | Found a snail-covered altar of Cheibriados.
  3922 | D:4      | Noticed Ijyb
  3952 | D:4      | Found a glowing golden altar of the Shining One.
  3989 | D:4      | Paralysed by Ijyb for 3 turns
  4000 | D:4      | Paralysed by Ijyb for 7 turns
  4004 | D:4      | HP: 2/45 [gnoll/spear (4)]
  4005 | D:4      | Mangled by a gnoll

Skill      XL: |  1  2  3  4  5 |
---------------+----------------+-----
Axes           | 2 3 |  3.1
Armour         | 2 3 |  3.0
Invocations    | 3 |  3.1
Fighting       | |  3.6
Dodging        | |  0.8
Shields        | |  0.9

Action                   |  1- 3 |  4- 6 || total
-------------------------+-------+-------++-------
Melee: Hand axe          |   107 |   115 ||   222
       Kick              |    21 |    17 ||    38
Invok: Depart the Abyss  |     1 |       ||     1
       Bend Space        |       |     1 ||     1
  Use: Scroll            |     6 |     2 ||     8
       Potion            |       |     2 ||     2
  Eat: Chunk             |     2 |     4 ||     6
Armor: Leather armour    |     4 |       ||     4
       Chain mail        |    75 |   160 ||   235
Dodge: Dodged            |    13 |     8 ||    21
Block: Shield            |    34 |    85 ||   119
